 Dungeon Crawl Stone Soup version 0.29.0-11-gd7f09526c8 (webtiles) character file.

Game seed: 4064224846576391359

942 QueenGhuleh the Chopper (level 7, -3/93 HPs)
             Began as a Minotaur Berserker on Sept 6, 2022.
             Was a Priest of Trog.
             Slain by a troll (4 damage)
             ... on level 5 of the Dungeon.
             The game lasted 00:08:46 (4131 turns).

QueenGhuleh the Chopper (Minotaur Berserker)        Turns: 4131, Time: 00:08:47

Health: -3/93      AC: 13    Str: 22    XL:     7   Next: 88%
Magic:  6/6        EV:  7    Int:  4    God:    Trog [***...]
Gold:   213        SH:  0    Dex: 13    Spells: 6/6 levels left

rFire   . . .      SeeInvis .   u - +0 dire flail (vorpal)
rCold   . . .      Faith    .   (shield currently unavailable)
rNeg    . . .      Spirit   .   j - +0 plate armour
rPois   +          Reflect  .   (helmet restricted)
rElec   .          Harm     .   (no cloak)
rCorr   .          Rampage  .   o - +0 pair of gloves of Fresh Life {rPois Will+++ Str-2 Dex+4}
Will    +++..                   (no boots)
Stlth   ..........              (no amulet)
HPRegen 0.25/turn               (no ring)
MPRegen 0.10/turn               (no ring)

@: berserking, very quick
A: horns 2, retaliatory headbutt
a: Renounce Religion, Berserk, Trog's Hand


You were on level 5 of the Dungeon.
You worshipped Trog.
Trog was most pleased with you.
You visited 1 branch of the dungeon, and saw 5 of its levels.

You collected 213 gold pieces.

Inventory:

Hand Weapons
 u - a +0 vorpal dire flail (weapon)
 v - a +0 halberd
Armour
 j - a +0 plate armour (worn)
 o - the +0 pair of gloves of Fresh Life (worn) {rPois Will+++ Str-2 Dex+4}
   (You found it on level 3 of the Dungeon)

   Str:       It affects your strength (-2).
   Dex:       It affects your dexterity (+4).
   rPois:     It protects you from poison.
   Will:      It greatly increases your willpower.
Jewellery
 a - a +6 ring of dexterity
 k - an amulet of the acrobat
Wands
 t - a wand of flame (16)
 w - a wand of mindburst (6)
Scrolls
 b - a scroll of immolation {unknown}
 c - a scroll of magic mapping {unknown}
 d - a scroll of acquirement {unknown}
 g - 2 scrolls of silence {unknown}
 h - a scroll of teleportation {unknown}
 n - 2 scrolls of fear {unknown}
 p - a scroll of summoning {unknown}
 q - a scroll of identify {unknown}
 x - a scroll of vulnerability {unknown}
Potions
 e - a potion of might {unknown}
 f - 4 potions of heal wounds {unknown}
 i - 2 potions of degeneration {unknown}
 l - a potion of cancellation {unknown}
 m - 3 potions of invisibility {unknown}
 r - a potion of mutation {unknown}
 s - a potion of haste {unknown}


   Skills:
 + Level 5.7 Fighting
 + Level 7.1(7.9) Axes
 + Level 5.3(7.1) Maces & Flails
 + Level 5.0 Armour
 + Level 3.2 Dodging
 + Level 0.7 Stealth


You had 6 spell levels left.
You didn't know any spells.
Your spell library was empty.

Dungeon Overview and Level Annotations

Branches:
Dungeon (5/15)             Temple (0/1) D:5

Altars:
Gozag
Okawaru
Vehumet

Shops:
D:4 *


Innate Abilities, Weirdness & Mutations

You have a pair of horns on your head.
You reflexively headbutt those who attack you in melee.


Message History

A troll comes into view.
The troll shouts!
A troll is nearby!
The troll bites you but does no damage.
The troll claws you but does no damage. x2
You closely miss the troll. You headbutt the troll!
The troll is lightly wounded.
The troll bites you. The troll closely misses you. The troll barely misses you.
You hit the troll but do no damage. You headbutt the troll.
The troll is moderately wounded.
The troll bites you! The troll claws you! The troll claws you.
You hit the troll. Your headbutt misses the troll.
The troll is moderately wounded.
The troll bites you but does no damage. The troll claws you!
The troll completely misses you.
You are too injured to fight recklessly!
You are too injured to fight recklessly!
You are too injured to fight recklessly!
A red film seems to cover your vision as you go berserk!
You feel yourself moving faster!
You feel mighty! The troll closely misses you. The troll claws you.
The troll claws you!
You hit the troll.
The troll is heavily wounded.
You closely miss the troll. You headbutt the troll.
The troll is heavily wounded.
The troll bites you but does no damage. The troll claws you but does no damage.
The troll barely misses you.
You completely miss the troll.
The troll is heavily wounded.
The troll bites you!
* * * LOW HITPOINT WARNING * * *
The troll claws you but does no damage. The troll claws you.
* * * LOW HITPOINT WARNING * * *
You completely miss the troll.
The troll is heavily wounded.
You thump the troll!
The troll is almost dead.
The troll bites you!
* * * LOW HITPOINT WARNING * * *
The troll claws you.
You die...

.).....# #..# #.# #.#.
.......# #..# #.###...
.......# #..##
###.##.... ########
#....######....+....
##.#........#.##.... #.
#.......# #.... ######.
#.[....#.##....
#......###......#.##....
#.....T@........#.##....
#.....#####.##).#.##....
..... #..#....##....
.... ##.....## ..[. ...
##....###.... ..
#..>#...<... .
##.#.......
##########.#....###
.........#.#....####


You could see a troll.

Vanquished Creatures
  Edmund (D:4)
  A centaur (D:5)
  2 ogres
  A phantom (D:5)
  Blork the orc (D:4)
  2 scorpions (D:5)
  An orc priest (D:5)
  Jessica (D:3)
  Ijyb (D:5)
  Terence (D:2)
  An iguana (D:4)
  7 adders
  4 gnolls (D:5)
  2 worms (D:3)
  2 dart slugs
  4 orcs
  4 ball pythons
  9 bats
  10 endoplasms
  4 giant cockroaches
  4 goblins
  11 hobgoblins
  6 quokkas
  8 frilled lizards
  6 kobolds
  6 rats
100 creatures vanquished.

Notes
Turn   | Place    | Note
-------+----------+-------------------------------------------
     0 | D:1      | QueenGhuleh the Minotaur Berserker began the quest for the
                  | Orb.
     0 | D:1      | Reached XP level 1. HP: 19/19 MP: 0/0
    80 | D:1      | Reached XP level 2. HP: 26/27 MP: 1/1
   173 | D:1      | Reached skill level 4 in Axes
   856 | D:1      | Reached ** piety under Trog
   857 | D:1      | Reached XP level 3. HP: 26/33 MP: 2/2
   923 | D:1      | You fall into a shaft and drop 1 floor!
   928 | D:2      | Noticed Terence
   934 | D:2      | Killed Terence
  1127 | D:2      | Reached XP level 4. HP: 37/41 MP: 3/3
  1199 | D:2      | Found a radiant altar of Vehumet.
  1529 | D:3      | Reached skill level 5 in Axes
  1654 | D:3      | Identified the +0 pair of gloves of Fresh Life {rPois
                  | Will+++ Str-2 Dex+4}
  1669 | D:3      | Noticed Jessica
  1676 | D:3      | Killed Jessica
  1677 | D:3      | Reached XP level 5. HP: 36/47 MP: 4/4
  2332 | D:4      | Noticed Edmund
  2345 | D:4      | Killed Edmund
  2346 | D:4      | Reached skill level 6 in Axes
  2346 | D:4      | Reached XP level 6. HP: 29/55 MP: 5/5
  2408 | D:4      | Reached *** piety under Trog
  2500 | D:4      | Noticed Blork the orc
  2503 | D:4      | Killed Blork the orc
  2504 | D:4      | Reached skill level 5 in Fighting
  2647 | D:4      | Found an iron altar of Okawaru.
  2806 | D:4      | Found Uzetaf's General Store.
  2827 | D:4      | Reached skill level 1 in Maces & Flails
  3349 | D:5      | Entered Level 5 of the Dungeon
  3384 | D:5      | Found a staircase to the Ecumenical Temple.
  3392 | D:5      | Reached XP level 7. HP: 47/61 MP: 6/6
  3528 | D:5      | Reached skill level 7 in Axes
  3659 | D:5      | Noticed Ijyb
  3673 | D:5      | Killed Ijyb
  3980 | D:5      | Found an opulent altar of Gozag.
  4026 | D:5      | Reached skill level 5 in Armour
  4030 | D:5      | Reached skill level 5 in Maces & Flails
  4119 | D:5      | Noticed a troll
  4131 | D:5      | HP: 1/93 [troll (13)]
  4131 | D:5      | Slain by a troll

Illustrated notes

Levels and vault maps discovered:
D:1:      nzn_arrival_water_spiral, layout_basic, item_on_display_a
D:2:      layout_rooms, basic_altar, uniq_terence
D:3:      layout_basic, uniq_jessica
D:4:      layout_loops_ring, mainiacjoe_overflow_catwalk, serial_shops,
          nicolae_shop_behind_doors, uniq_edmund, uniq_blork_the_orc
D:5:      layout_basic, nicolae_gozag_seed_capital,
          minmay_temple_entry_proselytizer, uniq_ijyb

Skill      XL: |  1  2  3  4  5  6  7 |
---------------+----------------------+-----
Axes           | 4 5 6 7 |  7.1
Fighting       | 4 5 |  5.7
Armour         | 3 4 5 |  5.0
Dodging        | 3 |  3.2
Maces & Flails | 2 5 |  5.3
Stealth        | |  0.7

Action                   |  1- 3 |  4- 6 |  7- 9 || total
-------------------------+-------+-------+-------++-------
Melee: Hand axe          |    72 |    34 |       ||   106
       Headbutt          |     8 |    19 |    11 ||    38
       War axe           |       |    60 |       ||    60
       Punch             |       |     1 |       ||     1
       Dire flail        |       |    45 |    61 ||   106
Invok: Berserk           |     1 |       |     2 ||     3
Armor: Animal skin       |    11 |       |       ||    11
       Chain mail        |       |    17 |       ||    17
       Plate armour      |       |    81 |    33 ||   114
Dodge: Dodged            |    53 |    55 |    25 ||   133
